 Dungeon Crawl Stone Soup version 0.30.0-5-g1a98f26d00 (webtiles) character file.

Game seed: 1680218405147452397

49 browni3141 the Trooper (level 3, 0/41 HPs)
             Began as an Ogre Delver on May 10, 2023.
             Succumbed to an adder's poison
             ... on level 4 of the Dungeon.
             The game lasted 00:00:44 (127 turns).

browni3141 the Trooper (Ogre Delver)                 Turns: 127, Time: 00:00:45

Health: 0/41       AC:  3    Str: 18    XL:     3   Next: 75%
Magic:  3/3        EV:  9    Int: 11    God:
Gold:   26         SH:  0    Dex: 10    Spells: 2/2 levels left

rFire   . . .        a - +0 mace
rCold   . . .        (no shield)
rNeg    . . .        b - +0 robe
rPois   .            (helmet restricted)
rElec   .            (no cloak)
rCorr   .            (gloves unavailable)
SInv    .            (boots unavailable)
Will    .....        (no amulet)
Stlth   ++           (no ring)
HPRegen 0.26/turn    (no ring)
MPRegen 0.08/turn

%: no passive effects
@: brilliant, lethally poisoned (0 -> -1)
A: large, unfitting armour, tough skin 1
a: no special abilities


You were on level 4 of the Dungeon.
You visited 1 branch of the dungeon, and saw 2 of its levels.

You collected 26 gold pieces.

Inventory:

Hand Weapons
 a - a +0 mace (weapon)
Armour
 b - a +0 robe (worn)
Wands
 g - a wand of digging (3)
 G - a wand of charming (7)
Scrolls
 d - a scroll of magic mapping
 e - a scroll of fear
 F - a scroll of fog
Potions
 h - a potion of haste


   Skills:
 + Level 4.8 Fighting
 * Level 3.1 Maces & Flails
 - Level 1.7 Dodging
 - Level 3.7 Stealth


You had 2 spell levels left.
You didn't know any spells.
Your spell library was empty.

Dungeon Overview and Level Annotations

Branches:
Dungeon (5/15)
 Temple: D:4-7

Altars:
Vehumet


Innate Abilities, Weirdness & Mutations

You are too large for most types of armour.
You have tough skin. (AC +1)


Message History

You are too injured to fight recklessly!
You hit the hound.
You kill the hound!
Your Maces & Flails skill increases to level 2!
You have reached level 2!
You have reached level 3!
Your experience leads to an increase in your attributes!
Increase (S)trength, (I)ntelligence, or (D)exterity?
You feel stronger. x3
There is a stone staircase leading down here.
You start resting.
HP restored.
Found a stone staircase leading up.
There is a stone staircase leading up here.
You climb upwards.
The adder hisses angrily.
There is a stone staircase leading down here.
You hit the adder.
The adder is lightly wounded.
The adder barely misses you. The adder bites you but does no damage.
You hit the adder.
The adder is severely wounded.
The adder closely misses you.
You closely miss the adder.
The adder is severely wounded.
The adder bites you.
You are poisoned.
The adder poisons you! The adder bites you.
You hit the adder.
You kill the adder!
You feel sick.
Your Maces & Flails skill increases to level 3!
You feel sick.
You see here an adder corpse.
You start resting.
You feel sick. x3
You are no longer poisoned.
Found a radiant altar of Vehumet.
An adder comes into view.
You start resting.
A giant cockroach comes into view.
You start resting.
A giant cockroach is nearby!
You start resting.
A giant cockroach is nearby!
The giant cockroach closely misses you.
The giant cockroach bites you but does no damage.
You hit the giant cockroach but do no damage.
The giant cockroach is moderately wounded.
The giant cockroach bites you but does no damage.
You hit the giant cockroach.
You kill the giant cockroach!
The adder hisses angrily.
You miss the adder. The adder bites you.
You are poisoned.
The adder poisons you! The adder bites you.
You closely miss the adder.
You feel sick. The adder bites you. x2
You are more poisoned.
The adder poisons you!
You are too injured to fight recklessly!
You are too injured to fight recklessly!
You are too injured to fight recklessly!
You hit the adder but do no damage.
You feel very sick. The adder bites you.
You closely miss the adder.
You feel sick. The adder bites you.
* * * LOW HITPOINT WARNING * * *
You are more poisoned.
The adder poisons you! The adder bites you.
* * * LOW HITPOINT WARNING * * *
You miss the adder.
You feel very sick. The adder bites you.
* * * LOW HITPOINT WARNING * * *
You thump the adder!
The adder is severely wounded.
* * * LOW HITPOINT WARNING * * *
You feel sick. The adder bites you but does no damage. The adder bites you.
* * * LOW HITPOINT WARNING * * *
You barely miss the adder.
The adder is severely wounded.
* * * LOW HITPOINT WARNING * * *
You feel sick. The adder barely misses you.
The adder bites you but does no damage.
You sock the adder!
You kill the adder!
* * * LOW HITPOINT WARNING * * *
You feel sick.
Unknown command.
It was a potion of brilliance.
You feel clever all of a sudden.
* * * LOW HITPOINT WARNING * * *
You feel sick.
* * * LOW HITPOINT WARNING * * *
You feel sick.
You see here a giant cockroach corpse.
* * * LOW HITPOINT WARNING * * *
You feel sick.
You see here a wand of charming (7).
G - a wand of charming (7)
You die...

#..............
#......§○......
.#.......○.○...!..
...#.....°°.......
........○........
...##..§.☼...... #
#..#.#........?
#.##.#..†@.......
#.......#########
####....#
#....########
#.#..........
#.#>.†....... #
##.........
#.........
#.........


There were no monsters in sight!

Vanquished Creatures
  A hound (D:5)
  2 adders (D:4)
  A giant cockroach (D:4)
4 creatures vanquished.

Notes
Turn   | Place    | Note
-------+----------+-------------------------------------------
     0 | D:5      | browni3141 the Ogre Delver began the quest for the Orb.
     0 | D:5      | Reached XP level 1. HP: 24/24 MP: 1/1
    14 | D:5      | Noticed a hound
    23 | D:5      | Killed a hound
    24 | D:5      | Reached XP level 2. HP: 23/33 MP: 2/2
    24 | D:5      | Reached XP level 3. HP: 28/40 MP: 3/3
    89 | D:4      | Reached skill level 3 in Maces & Flails
    95 | D:4      | Found a radiant altar of Vehumet.
   124 | D:4      | HP: 2/41 [poisoned by an adder]
   127 | D:4      | Succumbed to an adder's poison

Illustrated notes

Levels and vault maps discovered:
D:4:      layout_basic, fiery_altar_vehumet
D:5:      layout_layer_cave

Skill      XL: |  1  2  3 |
---------------+----------+-----
Maces & Flails | 2 3 |  3.1
Fighting       | |  4.8
Dodging        | |  1.7
Stealth        | |  3.7

Action                     || total
---------------------------++-------
  Melee: Mace              ||    17
    Use: Potion            ||     1
 Armour: Robe              ||     7
  Dodge: Dodged            ||     4
